 Dungeon Crawl Stone Soup version 0.30-a0-567-gf7fd966b4a (webtiles) character file.

Game seed: 15692977884445290157

7 tilp the Shield-Bearer (level 2, -6/26 HPs)
             Began as a Meteoran Fighter on Dec 28, 2022.
             Killed by divine providence
             ... invoked by an orc priest
              (10 damage)
             ... on level 2 of the Dungeon.
             The game lasted 00:01:06 (156 turns).

tilp the Shield-Bearer (Meteoran Fighter)            Turns: 156, Time: 00:01:06

Health: -6/26      AC:  7    Str: 17    XL:     2   Next: 17%
Magic:  3/3        EV:  9    Int:  9    God:
Gold:   34         SH:  5    Dex: 13    Spells: 1/1 levels left

rFire   . . .      SeeInvis .    a - +0 long sword
rCold   . . .      Faith    .    c - +0 buckler
rNeg    . . .      Spirit   .    g - +0 scale mail
rPois   .          Reflect  .    (no helmet)
rElec   .          Harm     .    (no cloak)
rCorr   .          Rampage  .    (no gloves)
Will    .....                    (no boots) Stlth
                                 (no amulet)
HPRegen 0.24/turn                (no ring)
MPRegen 0.08/turn                (no ring)

@: glowing
A: sense surroundings 1, otherworldly, glowing, explore regen
a: no special abilities


You were on level 2 of the Dungeon.
You visited 1 branch of the dungeon, and saw 2 of its levels.

You collected 34 gold pieces.

Inventory:

Hand Weapons
 a - a +0 long sword (weapon)
 b - a +2 dagger of venom
Missiles
 h - 4 stones (quivered)
Armour
 c - a +0 buckler (worn)
 g - a +0 scale mail (worn)
Scrolls
 e - 2 scrolls of magic mapping {unknown}
 f - a scroll of vulnerability {unknown}
 i - a scroll of enchant weapon {unknown}
 j - a scroll of immolation {unknown}
Potions
 d - a potion of might
 k - a potion of degeneration {unknown}


   Skills:
 + Level 3.3 Fighting
 + Level 2.5 Long Blades
 + Level 3.7 Armour
 * Level 0.8 Dodging
 + Level 0.2 Stealth
 + Level 3.7 Shields


You had one spell level left.
You didn't know any spells.
Your spell library was empty.

Dungeon Overview and Level Annotations

Branches:
Dungeon (2/15) Zot: 1039

Altars:


Innate Abilities, Weirdness & Mutations

You passively map a small area around you.
You are easily found by Zot.
You glow in the dark.
You regain HP and MP as you explore.


Message History

Adjust to which letter? (? for menu, Esc to quit)
b - a +2 dagger of venom;
g - a +0 scale mail (worn)
There is a stone staircase leading down here.
You climb downwards.
Found 4 stones.
There is a stone staircase leading up here.
Unknown command.
Found a scroll labelled ZOFFOI OMAANEO.
Found a leather armour.
Found a scroll labelled TELEWKOAMN.
h - 4 stones
i - a scroll labelled ZOFFOI OMAANEO
e - 2 scrolls labelled TELEWKOAMN (gained 1)
Found a scroll labelled DUKEABLAIRPH and a fizzy golden potion.
A goblin comes into view. It is wielding a +0 club.
The goblin shouts!
The goblin hits you but does no damage.
You see here a scroll labelled DUKEABLAIRPH.
You closely miss the goblin. The goblin barely misses you.
You slash the goblin!
You kill the goblin!
No target in view!
j - a scroll labelled DUKEABLAIRPH
k - a fizzy golden potion You open the door. 2 orcs come into view.
An orc priest and an orc come into view.
The orc priest shouts!
The orc shouts!
The orc hits you with a +0 trident!
There is an open door, spattered with blood here.
The orc hits you from afar with a +0 trident.
The orc priest casts a cantrip, but nothing happens.
The orc priest looks satisfied for a moment.
The orc priest calls down the wrath of Beogh upon you.
Beogh smites you!
Ouch! That really hurt!
* * * LOW HITPOINT WARNING * * *
The orc priest calls down the wrath of Beogh upon you.
Beogh smites you!
You die...

,, ............#
.............###
*
,......###......#
...... #....#.#
......###....#.#
##.....#[...# #
## *#......#,
########....# *
#.......@####.#
.####........# ,
* #..o#...### #
#.).###.# #.*
#...# ..# * ###.#
#...# ...
#....##...# ###
#....'o..## *
#....##### *


You could see an orc priest and an orc.

Vanquished Creatures
  A bat (D:1)
  An endoplasm (D:1)
  2 goblins
  A hobgoblin (D:1)
5 creatures vanquished.

Notes
Turn   | Place    | Note
-------+----------+-------------------------------------------
     0 | D:1      | tilp the Meteoran Fighter began the quest for the Orb.
     0 | D:1      | Reached XP level 1. HP: 19/19 MP: 2/2
    79 | D:1      | Reached XP level 2. HP: 26/26 MP: 3/3
   156 | D:2      | Killed from afar by an orc priest

Illustrated notes

Levels and vault maps discovered:
D:1:      onia_arrival_mini_maze, layout_basic, serial_curves, eino_curves_04,
          eino_curves_02, shapermc_ecumenical_altar_petra, minmay_liquid_box,
          st_stairs_10
D:2:      layout_basic, uniq_crazy_yiuf_cottage

Action                   || total
-------------------------++-------
Melee: Long sword        ||    12
Armor: Scale mail        ||    10
Dodge: Dodged            ||     3
Block: Buckler           ||     3

Table legend: (Time is in decaauts)
 A = Elapsed time spent in this place.
 B = Non-inter-level travel time spent in this place.
 C = Inter-level travel time spent in this place.
 D = Time resting spent in this place.
 E = Time spent auto-exploring this place.
 F = Levels seen in this place.
 G = Mean time per level.
                   A        B        C        D        E       F      G
               +--------+--------+--------+--------+--------+-----+--------+
         Total |    159 |    129 |     30 |      0 |      0 |   2 |   79.5 |
       Dungeon |    159 |    129 |     30 |      0 |      0 |   2 |   79.5 |
               +--------+--------+--------+--------+--------+-----+--------+

Top non-repeatable levels by time:
     D:1: 106 daAuts
     D:2: 53 daAuts
